Map: Incorporeal LE

Players

ManlyManMeat - Winner!

  • Race: Zerg Zerg
  • League: Diamond
  • Spawn Location: 11:00

VOD

Have the link to the VOD?

Description

Time

  • Played on: June 25, 2025, 6:27 a.m.
  • Length: 16:17
Show
View Real Time Build Order
Export as new Build Order

ManlyManMeat Zerg - Winner!

Build Orders:  

Get SALT Encoding   

  12  0:00  Drone  
  13  0:13  Drone  
  14  0:23  Extractor  
  14  0:29  Drone  
  14  0:34  Overlord  
  15  1:01  Drone  
  15  1:06  Drone  
  17  1:12  Hatchery  
  17  1:16  Drone  
  17  1:24  Drone  
  18  1:36  Extractor  
  17  1:43  Spawning Pool  
  17  1:45  Drone  
  17  1:52  Drone  
  18  2:02  Drone  
  19  2:17  Drone  
  20  2:38  Overlord  
  20  2:49  Queen  
  22  2:53  Queen  
  22  2:55  Zergling x4  
  26  3:12  Drone  
  26  3:13  Drone  
  28  3:27  Drone x2  
  30  3:44  Hatchery  
  29  3:53  Drone x3  
  32  4:01  Drone  
  32  4:05  Metabolic Boost  
  33  4:16  Drone x2  
  33  4:19  Overlord  
  35  4:36  Drone  
  36  4:47  Drone x2  
  36  4:48  Drone  
  39  4:51  Drone x3  
  42  5:01  Overlord  
  42  5:06  Extractor  
  41  5:11  Queen  
  43  5:24  Queen  
  45  5:30  Drone  
  45  5:31  Drone x2  
  45  5:33  Overlord  
  45  5:34  Overlord  
  45  5:35  Drone x4  
  45  5:38  Queen  
  54  5:43  Baneling Nest  
  53  5:55  Drone x3  
  53  5:58  Drone  
  53  5:59  Drone x2  
  59  6:14  Drone  
  59  6:15  Drone x4  
  64  6:30  Drone x2  
  66  6:45  Evolution Chamber  
  65  6:50  Baneling Nest  
  65  6:57  Hatchery  
  63  7:03  Lair  
  63  7:05  Zergling x2  
  63  7:06  Zergling x4  
  63  7:08  Overlord  
  63  7:09  Overlord  
  66  7:10  Overlord x2  
  66  7:11  Hatchery  
  66  7:12  Overlord  
  65  7:22  Zerg Melee Weapons Level 1  
  65  7:29  Drone  
  66  7:31  Drone, Roach Warren  
  66  7:33  Drone  
  66  7:34  Drone  
  66  7:39  Drone  
  69  7:43  Drone, Extractor  
  69  7:44  Drone  
  69  7:45  Drone x3, Extractor  
  69  7:46  Drone  
  69  7:47  Drone x2  
  75  8:09  Centrifugal Hooks  
  75  8:10  Zergling x8  
  75  8:11  Zergling x2  
  75  8:13  Baneling  
  75  8:14  Baneling x5  
  80  8:34  Zergling x14  
  80  8:35  Zergling x6  
  90  9:06  Drone  
  90  9:07  Drone x4  
  90  9:08  Drone x6  
  101  9:10  Overlord  
  101  9:11  Overlord  
  101  9:27  Zergling x10  
  101  9:28  Zergling x2, Evolution Chamber  
  106  9:30  Infestation Pit  
  104  9:40  Drone x2  
  104  9:42  Glial Reconstitution  
  106  10:07  Drone x3  
  106  10:08  Drone  
  110  10:15  Evolution Chamber  
  110  10:17  Zerg Ground Armor Level 1  
  110  10:18  Zerg Melee Weapons Level 2  
  109  11:01  Zerg Missile Weapons Level 1  
  109  11:04  Hive  
  109  11:13  Overlord x4  
  109  11:14  Overlord x4  
  109  11:16  Infestor x3  
  115  11:21  Hatchery  
  115  11:28  Zergling x10  
  115  11:29  Zergling x30  
  133  11:54  Baneling x9  
  133  11:55  Zergling x28  
  133  11:56  Zergling x12  
  133  11:58  Baneling  
  153  12:26  Roach x8  
  153  12:27  Roach x3  
  175  12:46  Neural Parasite  
  175  12:47  Hatchery  
  136  13:11  Zergling x6  
  136  13:12  Zergling x38  
  136  13:19  Spire  
  151  13:29  Queen  
  151  13:40  Baneling x3  
  151  13:41  Baneling x6  
  151  13:48  Zergling x2  
  151  13:49  Zergling x38  
  171  13:56  Drone x2  
  171  13:57  Drone, Extractor  
  171  13:59  Extractor  
  172  14:26  Baneling x7  
  172  14:27  Baneling x2  
  172  14:28  Baneling  
  172  14:29  Baneling x7  
  173  14:32  Zergling x2  
  173  14:33  Zergling x32  
Tags
 
League
Diamond
Matchup
Co-op
Replay Pack
Myownreplay2
Add a new tag
Caveats
  • Supply blocks, unpowered buildings, or Contaminate may cause inaccurate times.
  • Supply counts are checked every 10 seconds.